 Dungeon Crawl Stone Soup version 0.30-a0-743-gbfdf073431 (webtiles) character file.

Game seed: 11989920144439513156

462 Lavandula the Cutter (level 7, -3/52 HPs)
             Began as a Human Monk on Feb 7, 2023.
             Shot with an arrow by a centaur (13 damage)
             ... on level 4 of the Dungeon.
             The game lasted 00:05:27 (2878 turns).

Lavandula the Cutter (Human Monk)                   Turns: 2878, Time: 00:05:28

Health: -3/52      AC:  8    Str: 13    XL:     7   Next: 28%
Magic:  16/16      EV: 11    Int: 10    God:
Gold:   243        SH:  0    Dex: 16    Spells: 5/6 levels left

rFire   . . .      SeeInvis .    p - +2 dagger (protect)
rCold   . . .      Faith    .    (no shield)
rNeg    . . .      Spirit   .    v - +0 ring mail
rPois   .          Reflect  .    u - +2 helmet
rElec   .          Harm     .    (no cloak)
rCorr   .          Rampage  .    (no gloves)
Will    .....                    (no boots)
Stlth   +                        (no amulet)
HPRegen 0.28/turn                g - ring of magical power
MPRegen 0.15/turn                (no ring)

@: no status effects
A: no striking features
a: no special abilities


You were on level 4 of the Dungeon.
You visited 2 branches of the dungeon, and saw 5 of its levels.

You collected 243 gold pieces.

Inventory:

Hand Weapons
 a - a +0 falchion
 e - a +2 dagger of pain
 p - a +2 dagger of protection (weapon)
Missiles
 i - 3 javelins
 q - 5 poisoned darts (quivered)
Armour
 b - a +0 robe
 u - a +2 helmet (worn)
 v - a +0 ring mail (worn)
Jewellery
 g - a ring of magical power (left hand)
 s - a ring of positive energy
 t - a +5 ring of evasion
Wands
 j - a wand of polymorph (7)
Scrolls
 f - 2 scrolls of vulnerability
 h - a scroll of teleportation {unknown}
 l - a scroll of fear {unknown}
 m - 2 scrolls of fog {unknown}
 o - a scroll of immolation {unknown}
 w - a scroll of amnesia {unknown}
 y - 2 scrolls of identify {unknown}
Potions
 c - 2 potions of ambrosia
 k - a potion of flight {unknown}
 n - a potion of attraction {unknown}
 r - a potion of haste {unknown}
 x - a potion of lignification {unknown}
 z - a potion of mutation {unknown}


   Skills:
 - Level 3.0 Fighting
 + Level 6.6(7.1) Short Blades
 - Level 3.8(5.7) Long Blades
 - Level 3.0 Dodging
 - Level 2.0 Stealth


You had 5 spell levels left.
You knew the following spells:

 Your Spells              Type           Power      Damage    Failure   Level
a - Apportation           Tloc           0%         N/A       63%         1

Your spell library contained the following spells:

 Spells                   Type           Power      Damage    Failure   Level
 Freeze                   Ice            0%         1d3       63%         1
 Kiss of Death            Conj/Necr      0%         2d5       63%         1
 Necrotise                Necr           0%         1d4       63%         1
 Summon Small Mammal      Summ           0%         N/A       63%         1
 Blink                    Tloc           0%         N/A       77%         2
 Lesser Beckoning         Tloc           0%         N/A       77%         2
 Momentum Strike          Conj/Tloc      0%         3d8       77%         2
 Frozen Ramparts          Ice            0%         1d1       94%         3
 Hailstorm                Conj/Ice       0%         3d3       94%         3
 Agony                    Necr           0%         N/A       100%        5
 Death Channel            Necr           0%         N/A       100%        6
 Infestation              Necr           0%         N/A       100%        8


Dungeon Overview and Level Annotations

Branches:
Dungeon (4/15)             Temple (1/1) D:4

Altars:
Dithmenos
Fedhas
Gozag
Kikubaaqudgha
Makhleb
Vehumet
Wu Jian
Yredelemnul

Annotations:
D:4 exclusion: steam dragon


Message History

The centaur hits you.
The centaur kicks you but does no damage.
The centaur shoots an arrow.
The arrow hits you!
* * * LOW HITPOINT WARNING * * *
The centaur hits you but does no damage.
The centaur closely misses you.
The centaur shoots an arrow.
The arrow hits you!
* * * LOW HITPOINT WARNING * * *
The orc attacks as you move away! The orc hits you but does no damage.
A goblin comes into view. It is wielding a +0 club.
The centaur hits you but does no damage.
The centaur completely misses you.
The centaur unwields a +0 shortbow.
The centaur hits you.
* * * LOW HITPOINT WARNING * * *
The centaur misses you. The giant cockroach closely misses you.
Sorry, you're not good enough to have a special ability.
Unknown command.
It was a potion of curing.
You feel better. The centaur closely misses you.
The centaur kicks you but does no damage.
The centaur hits you.
* * * LOW HITPOINT WARNING * * *
The centaur kicks you.
* * * LOW HITPOINT WARNING * * *
The giant cockroach bites you but does no damage.
The centaur hits you but does no damage.
The centaur kicks you but does no damage.
The orc hits you with a +0 club.
* * * LOW HITPOINT WARNING * * *
The orc hits you but does no damage.
You feel better. The centaur hits you.
* * * LOW HITPOINT WARNING * * *
The centaur kicks you but does no damage.
The centaur barely misses you. The centaur kicks you.
* * * LOW HITPOINT WARNING * * *
The giant cockroach barely misses you.
The centaur hits you but does no damage.
The centaur barely misses you. The orc barely misses you. x2
The centaur wields a +0 shortbow.
The centaur shoots an arrow.
The arrow hits you!
You die...

##.....# ...
.......#####....
#####...............
....................
#.##...............
..##l...........[.
#.#Bc............
#gc.oo...........
#...#@o............
#... #..............
##. #...............
.. .................
##
####..............D..
#.................
#.................
#.................
#.................


You could see 2 centaurs, an iguana, 3 orcs, a giant cockroach and a goblin.

Vanquished Creatures
  2 ogres (D:4)
  A centaur (D:3)
  A necrophage (D:4)
  Natasha (thrice) (D:2)
  2 adders (D:4)
  4 dart slugs
  An orc (D:4)
  4 ball pythons
  8 endoplasms
  2 giant cockroaches
  4 goblins
  8 hobgoblins
  11 jackals
  3 kobolds
  A quokka (D:4)
  2 bats
  A frilled lizard (D:3)
  3 rats (D:1)
61 creatures vanquished.

Notes
Turn   | Place    | Note
-------+----------+-------------------------------------------
     0 | D:1      | Lavandula the Human Monk began the quest for the Orb.
     0 | D:1      | Reached XP level 1. HP: 18/18 MP: 1/1
   225 | D:1      | Reached XP level 2. HP: 13/24 MP: 2/2
   639 | D:1      | Reached XP level 3. HP: 29/29 MP: 3/3
   780 | D:1      | Reached skill level 1 in Short Blades
   996 | D:2      | Noticed Natasha
  1007 | D:2      | Killed Natasha
  1008 | D:2      | Reached skill level 2 in Short Blades
  1008 | D:2      | Reached XP level 4. HP: 10/35 MP: 4/4
  1150 | D:2      | Noticed Natasha
  1155 | D:2      | Killed Natasha
  1156 | D:2      | Reached skill level 3 in Short Blades
  1187 | D:2      | Found a blossoming altar of Fedhas.
  1189 | D:2      | Noticed Natasha
  1198 | D:2      | Killed Natasha
  1199 | D:2      | Reached XP level 5. HP: 37/41 MP: 5/5
  1408 | D:2      | Learned a level 1 spell: Apportation
  1760 | D:3      | Noticed a centaur
  1780 | D:3      | Killed a centaur
  1781 | D:3      | Reached skill level 4 in Short Blades
  1781 | D:3      | Reached XP level 6. HP: 47/47 MP: 6/6
  1970 | D:4      | Noticed an ogre
  2010 | D:4      | Got the Volume of the Cemetery
  2096 | D:4      | Noticed an ogre
  2110 | D:4      | Killed an ogre
  2111 | D:4      | Reached skill level 5 in Short Blades
  2231 | D:4      | Reached skill level 6 in Short Blades
  2335 | D:4      | Found a staircase to the Ecumenical Temple.
  2352 | D:4      | Reached XP level 7. HP: 52/52 MP: 7/7
  2364 | Temple   | Entered the Ecumenical Temple
  2848 | D:4      | Noticed a steam dragon
  2875 | D:4      | HP: 2/52 [centaur (5)]
  2878 | D:4      | Shot with an arrow by a centaur

Illustrated notes

Levels and vault maps discovered:
D:1:      minmay_arrival_radiant_lines, layout_loops_corners
D:2:      layout_rooms, basic_altar, uniq_natasha
D:3:      layout_rooms
D:4:      layout_basic, minmay_temple_entry_large_hall, minmay_manual_mares
Temple:   nicolae_temple_colour_theory

Skill      XL: |  1  2  3  4  5  6 |
---------------+-------------------+-----
Short Blades   | 2 3 4 6 |  6.6
Fighting       | |  3.0
Long Blades    | |  3.8
Dodging        | |  3.0
Stealth        | |  2.0

Action                     |  1- 3 |  4- 6 |  7- 9 || total
---------------------------+-------+-------+-------++-------
  Melee: Falchion          |    37 |       |       ||    37
         Dagger            |    41 |   115 |    68 ||   224
         Unarmed           |       |     4 |       ||     4
         Punch             |       |     2 |     1 ||     3
  Throw: Dart              |       |     3 |     5 ||     8
         Javelin           |       |     1 |       ||     1
    Use: Scroll            |       |     1 |       ||     1
         Potion            |       |       |     2 ||     2
   Stab: Sleeping          |     5 |     4 |       ||     9
 Armour: Robe              |    22 |    11 |       ||    33
         Skin              |       |     1 |       ||     1
         Ring mail         |       |     9 |    37 ||    46
  Dodge: Dodged            |    57 |    45 |    52 ||   154

Table legend: (Time is in decaauts)
 A = Elapsed time spent in this place.
 B = Non-inter-level travel time spent in this place.
 C = Inter-level travel time spent in this place.
 D = Time resting spent in this place.
 E = Time spent auto-exploring this place.
 F = Levels seen in this place.
 G = Mean time per level.
                   A        B        C        D        E       F      G
               +--------+--------+--------+--------+--------+-----+--------+
         Total |   2823 |   2772 |     51 |    212 |   1936 |   5 |  564.6 |
       Dungeon |   2748 |   2702 |     46 |    212 |   1872 |   4 |  687.0 |
        Temple |     74 |     69 |      5 |      0 |     64 |   1 |   74.0 |
               +--------+--------+--------+--------+--------+-----+--------+

Top non-repeatable levels by time:
     D:1: 980 daAuts
     D:4: 814 daAuts
     D:3: 480 daAuts
     D:2: 473 daAuts
  Temple: 74 daAuts
